 Dungeon Crawl Stone Soup version 0.30.0-30-g96aa6591b8 (webtiles) character file.

Game seed: 10767131982244359827

1603 Peloso the Carver (level 8, 0/70 HPs)
             Began as a Minotaur Fighter on June 28, 2023.
             Was a Follower of Okawaru.
             Slain by a killer bee (5 damage)
             ... on level 9 of the Dungeon.
             The game lasted 00:12:54 (6034 turns).

Peloso the Carver (Minotaur Fighter)                Turns: 6034, Time: 00:12:54

Health: 0/70       AC: 17    Str: 22    XL:     8   Next: 63%
Magic:  4/7        EV:  9    Int:  5    God:    Okawaru [*.....]
Gold:   306        SH:  6    Dex: 11    Spells: 7/7 levels left

rFire   . . .        a - +1 long sword
rCold   . . .        d - +0 buckler
rNeg    . . .        t - +0 plate armour
rPois   .            (helmet restricted)
rElec   .            (no cloak)
rCorr   .            g - +0 pair of gloves
SInv    .            (no boots)
Will    .....        (no amulet) Stlth
                     (no ring)
HPRegen 0.31/turn    (no ring)
MPRegen 0.10/turn

%: no passive effects
@: lethally poisoned (0 -> -1), heroic, studying Maces & Flails
A: horns 2, retaliatory headbutt
a: Renounce Religion, Heroism


You were on level 9 of the Dungeon.
You worshipped Okawaru.
Okawaru was aware of your devotion.
You visited 2 branches of the dungeon, and saw 9 of its levels.
You also visited: Sewer.

You collected 306 gold pieces.

Inventory:

Hand Weapons
 a - a +1 long sword (weapon)
 c - a +0 short sword
 x - the +5 war axe "Maceic" {venom, rF+ Str+2}
   (You found it on level 4 of the Dungeon)

   Str:       It affects your strength (+2).
   rF:        It protects you from fire.
Armour
 b - a +0 scale mail
 d - a +0 buckler (worn)
 f - a +0 cloak
 g - a +0 pair of gloves (worn)
 t - a +0 plate armour (worn)
Jewellery
 l - a ring of fire
Wands
 k - a wand of roots (12)
 u - a wand of flame (10)
 y - a wand of quicksilver (5)
 F - a wand of mindburst (11)
Scrolls
 e - 2 scrolls of teleportation {unknown}
 i - 2 scrolls of enchant weapon
 j - a scroll of fog
 p - 2 scrolls of immolation {unknown}
 s - a scroll of amnesia
 v - a scroll of acquirement {unknown}
 w - a scroll of enchant armour {unknown}
 E - a scroll of identify
Potions
 h - 5 potions of might
 m - a potion of flight
 n - a potion of haste
 o - 8 potions of curing
 q - 2 potions of ambrosia
 r - 3 potions of invisibility
 z - 2 potions of brilliance
 A - a potion of berserk rage {unknown}
 B - 3 potions of heal wounds {unknown}
 C - a potion of resistance
 D - 3 potions of cancellation {unknown}


   Skills:
 + Level 5.7(10.7) Fighting
 + Level 8.3(13.3) Long Blades
 + Level 1.6(6.6) Axes
 + Level 8.2(13.2) Armour
 + Level 1.2(6.2) Dodging
 + Level 0.2(5.2) Stealth
 + Level 6.1(11.1) Shields


You had 7 spell levels left.
You didn't know any spells.
Your spell library contained the following spells:

 Spells                   Type           Power      Damage    Failure   Level
 Apportation              Tloc           0%         N/A       100%        1
 Necrotise                Necr           0%         1d4       100%        1
 Ensorcelled Hibernation  Hex/Ice        0%         N/A       100%        2
 Sublimation of Blood     Necr           0%         N/A       100%        2
 Spider Form              Tmut/Pois      0%         N/A       100%        3
 Anguish                  Hex/Necr       0%         N/A       100%        4
 Petrify                  Tmut/Erth      0%         N/A       100%        4
 Blade Hands              Tmut           0%         N/A       100%        5
 Irradiate                Conj/Tmut      0%         3d11      100%        5
 Iron Shot                Conj/Erth      0%         9d1       100%        6
 Summon Small Mammal      Summ           Unusable   N/A       N/A         1
 Animate Armour           Summ/Erth      Unusable   N/A       N/A         4

Dungeon Overview and Level Annotations

Branches:
Dungeon (7/15)             Temple (1/1) D:5           Sewer (visited)

Altars:
Ashenzari
Dithmenos
Elyvilon
Gozag
Hepliaklqana
Kikubaaqudgha
Makhleb
Nemelex Xobeh
Okawaru
Ru
Vehumet

Shops:
D:4 !


Innate Abilities, Weirdness & Mutations

You have a pair of horns on your head.
You reflexively headbutt those who attack you in melee.


Message History

You hit the killer bee.
You kill the killer bee!
Okawaru accepts your kill.
You feel like a meek peon again.
You feel sick.
You hit the killer bee. Your headbutt misses the killer bee.
The killer bee is moderately wounded.
You feel sick. The killer bee stings you. x2
You are more poisoned.
The killer bee poisons you!
You hit the killer bee.
The killer bee is heavily wounded.
You feel sick. The killer bee stings you. The killer bee barely misses you.
You closely miss the killer bee.
The killer bee is heavily wounded.
You feel very sick. You block the killer bee's attack. x2
You slash the killer bee! Your headbutt misses the killer bee.
The killer bee is almost dead.
You feel sick. The killer bee barely misses you. You furiously retaliate!
You headbutt the killer bee.
You kill the killer bee!
Okawaru accepts your kill.
Your Shields skill increases to level 6!
You gain the combat prowess of a mighty hero.
You feel sick. You block the killer bee's attack. The killer bee stings you!
* * * LOW HITPOINT WARNING * * *
You closely miss the killer bee.
You feel sick. You block the killer bee's attack.
The killer bee closely misses you.
You completely miss the killer bee.
The killer bee stings you but does no damage.
You hit the killer bee but do no damage.
You feel sick.
The killer bee stings you but does no damage.
The killer bee stings you.
* * * LOW HITPOINT WARNING * * *
You hit the killer bee.
The killer bee is lightly wounded.
You feel sick. The killer bee stings you.
You die...

#...# #.# #...#
#.# #...# #.#
#.[.# #.# #...#
#.# #...# #.#
#...# #.# #.
#...# #.# #..
#...# #@#
#...###...# #y#
#.........# #†#
#.........####.#
#..............#
#..#####.......#
#. #..##...# #
##....###
#......#


You could see a killer bee.

Vanquished Creatures
  An acid dragon (D:9)
  A sky beast (D:7)
  2 ice beasts (D:6)
  An orc warrior (D:4)
  A centaur (D:9)
  2 scorpions (D:6)
  7 killer bees (D:9)
  2 jellies
  3 orc priests
  A hound (D:6)
  An iguana (D:4)
  A sleepcap (D:5)
  6 orc wizards
  8 adders
  2 river rats
  2 shadow imps (D:5)
  An ufetubus (D:5)
  3 worms
  2 dart slugs
  18 orcs
  A bat (D:1)
  13 endoplasms
  6 giant cockroaches
  8 goblins
  6 hobgoblins
  5 quokkas
  10 ball pythons
  7 frilled lizards
  7 kobolds
  11 rats
139 creatures vanquished.

Notes
Turn   | Place    | Note
-------+----------+-------------------------------------------
     0 | D:1      | Peloso the Minotaur Fighter began the quest for the Orb.
     0 | D:1      | Reached XP level 1. HP: 19/19 MP: 0/0
    76 | D:1      | Reached XP level 2. HP: 18/27 MP: 1/1
   340 | D:1      | Found a faded altar of an unknown god.
   913 | D:2      | Reached XP level 3. HP: 28/33 MP: 2/2
   973 | D:2      | Found an opulent altar of Gozag.
  1697 | D:3      | Reached XP level 4. HP: 38/41 MP: 3/3
  2084 | D:3      | Found a burning altar of Makhleb.
  2241 | D:4      | Found Humaq's Distillery.
  2502 | D:4      | Reached skill level 1 in Dodging
  2510 | D:4      | Reached XP level 5. HP: 12/47 MP: 4/4
  2524 | D:4      | Reached skill level 5 in Armour
  2704 | D:4      | Found an ancient bone altar of Kikubaaqudgha.
  2707 | D:4      | Found a white marble altar of Elyvilon.
  2816 | D:4      | Identified the +5 war axe "Maceic" {venom, rF+ Str+2}
  2826 | D:4      | Noticed an orc warrior
  2851 | D:4      | Killed an orc warrior
  2852 | D:4      | Reached XP level 6. HP: 31/53 MP: 5/5
  2964 | D:4      | Reached skill level 1 in Axes
  3339 | D:5      | Entered Level 5 of the Dungeon
  3344 | D:5      | Found a staircase to the Ecumenical Temple.
  3366 | Temple   | Entered the Ecumenical Temple
  3441 | Temple   | Became a worshipper of Warmaster Okawaru
  3462 | D:5      | Reached skill level 5 in Long Blades
  4108 | D:6      | Found a radiant altar of Vehumet.
  4156 | D:6      | Noticed an ice beast
  4172 | D:6      | Killed an ice beast
  4173 | D:6      | Reached XP level 7. HP: 35/60 MP: 6/6
  4255 | D:6      | Reached * piety under Okawaru
  4298 | D:6      | Reached skill level 5 in Fighting
  4413 | D:6      | Found a glowing drain.
  4421 | Sewer    | Entered a sewer
  4625 | Sewer    | Found a viscous altar of Jiyva.
  5138 | D:6      | Reached XP level 8. HP: 68/68 MP: 7/7
  5564 | D:7      | Reached skill level 5 in Shields
  5638 | D:7      | You fall into a shaft and drop 2 floors!
  5658 | D:9      | Reached ** piety under Okawaru
  6034 | D:9      | Slain by a killer bee

Illustrated notes

Levels and vault maps discovered:
D:1:      dpeg_arrival_short_road, layout_loops_ring,
          shapermc_ecumenical_altar_pompeii, kennysheep_doodads
D:2:      layout_loops_ring, basic_altar
D:3:      layout_basic, lightli_temple_of_fire
D:4:      layout_basic, nicolae_overflow_hidden_temple, serial_shops,
          nicolae_shop_tiny_glass
D:5:      layout_gridville, minmay_temple_entry_mini_moons, serial_bayou_ford_a
D:6:      layout_loops_ring, mainiacjoe_overflow_small_starburst,
          lightli_sewer_entry_pipes
D:7:      layout_loops_ring, chequers_serial_rivers_large_a,
          due_unseen_surprise, uniq_menkaure
D:9:      minmay_weird_star, layout_long_grid,
          mainiacjoe_overflow_six_doors_small, uniq_pikel
Temple:   regret_index_temple_sphere_string

Skill      XL: |  1  2  3  4  5  6  7  8 |
---------------+-------------------------+-----
Fighting       | 4 5 |  5.7
Armour         | 4 5 6 7 8 |  8.2
Long Blades    | 3 4 6 7 8 |  8.3
Dodging        | 1 |  1.2
Axes           | 1 |  1.6
Shields        | 4 6 |  6.1
Stealth        | |  0.2

Action                     |  1- 3 |  4- 6 |  7- 9 || total
---------------------------+-------+-------+-------++-------
  Melee: Long sword        |    99 |   132 |   190 ||   421
         Headbutt          |    14 |    20 |    23 ||    57
         War axe           |       |     9 |       ||     9
 Invoke: Heroism           |       |       |     4 ||     4
  Evoke: Wand              |       |     1 |       ||     1
    Use: Potion            |     2 |       |       ||     2
         Scroll            |     4 |     3 |     5 ||    12
 Armour: Scale mail        |    26 |     1 |       ||    27
         Plate armour      |       |    78 |   132 ||   210
  Dodge: Dodged            |    43 |    40 |    80 ||   163
  Block: Buckler           |    12 |    30 |    65 ||   107
